DSL
DSL TEXAS RANGERS @ DSL ATLANTA BRAVES
07/10/2041
 
TOP OF THE 1ST
DSL Texas Rangers batting - Pitching for DSL Atlanta Braves : RHP Danny Cox
Pitching: RHP Danny Cox
Batting: RHB Eddie King 0-0: Called Strike
0-1: SINGLE (Groundball, 6MD, EV 106.3 MPH)
Batting: RHB Steve Palmer 0-0: Called Strike
0-1: Sac Bunt to 23 - play at first, batter OUT! 3-4
Eddie King to second
Batting: LHB Greg Ibáñez 0-0: Called Strike
0-1: Ball
1-1: Ball
2-1: Ball
3-1: Base on Balls
Batting: RHB Dana Ward 0-0: Ball
1-0: Swinging Strike
1-1: Called Strike
1-2: Foul Ball, location: 2F
1-2: Grounds into double play, 6-4-3 (Groundball, 6, EV 100.6 MPH)
Top of the 1st over - 0 runs, 1 hit, 0 errors, 1 left on base; DSL Texas 0 - DSL Atlanta 0
BOTTOM OF THE 1ST
DSL Atlanta Braves batting - Pitching for DSL Texas Rangers : LHP Bob Grant
Pitching: LHP Bob Grant
Batting: RHB Arturo Serrano 0-0: Ball
1-0: Ball
2-0: Foul Ball, location: 2F
2-1: Ball
3-1: Swinging Strike
3-2: Strikes out swinging
Batting: RHB Chris Adams 0-0: Called Strike
0-1: Called Strike
0-2: Strikes out swinging
Batting: LHB Raúl Flores 0-0: Called Strike
0-1: Foul Ball, location: 7LMF
0-2: Strikes out swinging
Bottom of the 1st over - 0 runs, 0 hits, 0 errors, 0 left on base; DSL Texas 0 - DSL Atlanta 0
TOP OF THE 2ND
DSL Texas Rangers batting - Pitching for DSL Atlanta Braves : RHP Danny Cox
Batting: RHB Chris Armstrong 0-0: Foul Ball, location: 2F
0-1: Foul Ball, location: 7LSF
0-2: Ball
1-2: Ball
2-2: Ball
3-2: Base on Balls
Batting: RHB Mike Gaughan 0-0: Ball
1-0: Swinging Strike
1-1: Ball
2-1: Called Strike
2-2: Ball
3-2: Base on Balls
Chris Armstrong to second
Batting: LHB Dan McClure 0-0: Ball
1-0: Foul Ball, location: 2F
1-1: Swinging Strike
1-2: Ball
2-2: Strikes out swinging
Batting: LHB Luis Fontanez 0-0: Fly out, F8 (Flyball, 8LD, EV 105.0 MPH)
Batting: LHB Dan Lee 0-0: Swinging Strike
0-1: Foul Ball, location: 2F
0-2: Strikes out looking
Top of the 2nd over - 0 runs, 0 hits, 0 errors, 2 left on base; DSL Texas 0 - DSL Atlanta 0
BOTTOM OF THE 2ND
DSL Atlanta Braves batting - Pitching for DSL Texas Rangers : LHP Bob Grant
Batting: RHB Juan Ramírez 0-0: Ball
1-0: Called Strike
1-1: Swinging Strike
1-2: SOLO HOME RUN (Flyball, 7D, EV 110.6 MPH), Distance : 425 ft
Batting: RHB Colt Shepherd 0-0: Ball
1-0: Ground out 4-3 (Groundball, 4, EV 85.6 MPH)
Batting: RHB Luis López 0-0: Ball
1-0: Ball
2-0: SINGLE (Line Drive, 34D, EV 110.6 MPH)
Batting: RHB José Randín 0-0: Foul Ball, location: 5F
0-1: Foul Ball, location: 2F
0-2: Ball
1-2: Strikes out swinging
Batting: SHB José Torrers 0-0: Ball
1-0: Ball
2-0: Called Strike
2-1: Foul Ball, location: 5FF
2-2: Foul Ball, location: 2F
2-2: Strikes out swinging
Bottom of the 2nd over - 1 run, 2 hits, 0 errors, 1 left on base; DSL Texas 0 - DSL Atlanta 1
TOP OF THE 3RD
DSL Texas Rangers batting - Pitching for DSL Atlanta Braves : RHP Danny Cox
Batting: RHB Eddie King 0-0: Ball
1-0: Ball
2-0: Called Strike
2-1: Called Strike
2-2: Ball
3-2: Base on Balls
Batting: RHB Steve Palmer 0-0: Sac Bunt to 23 - play at first, batter OUT! 3-4
Eddie King to second
Batting: LHB Greg Ibáñez 0-0: Called Strike
0-1: Ball
1-1: Swinging Strike
1-2: Ball
2-2: Strikes out swinging
Batting: RHB Dana Ward 0-0: Ball
1-0: Ball
2-0: Fly out, F7 (Line Drive, 78M, EV 90.6 MPH)
Top of the 3rd over - 0 runs, 0 hits, 0 errors, 1 left on base; DSL Texas 0 - DSL Atlanta 1
BOTTOM OF THE 3RD
DSL Atlanta Braves batting - Pitching for DSL Texas Rangers : LHP Bob Grant
Batting: RHB José Moreno 0-0: Ball
1-0: Swinging Strike
1-1: Called Strike
1-2: Strikes out swinging, 2-3 out at first.
Batting: RHB Arturo Serrano 0-0: Ball
1-0: Ball
2-0: Called Strike
2-1: Swinging Strike
2-2: Ground out 5-3 (Groundball, 5S, EV 80.0 MPH)
Batting: RHB Chris Adams 0-0: Foul Ball, location: 23F
0-1: Swinging Strike
0-2: Ground out 6-3 (Groundball, 6, EV 69.4 MPH)
Bottom of the 3rd over - 0 runs, 0 hits, 0 errors, 0 left on base; DSL Texas 0 - DSL Atlanta 1
TOP OF THE 4TH
DSL Texas Rangers batting - Pitching for DSL Atlanta Braves : RHP Danny Cox
Batting: RHB Chris Armstrong 0-0: Called Strike
0-1: Foul Ball, location: 3F
0-2: Strikes out swinging
Batting: RHB Mike Gaughan 0-0: Ball
1-0: Ball
2-0: Ball
3-0: Called Strike
3-1: Base on Balls
Batting: LHB Dan McClure 0-0: Swinging Strike
0-1: Ball
1-1: Ball
2-1: Ball
3-1: Called Strike
3-2: Foul Ball, location: 2F
3-2: Strikes out swinging
Batting: LHB Luis Fontanez 0-0: Ball
1-0: Ball
2-0: Called Strike
2-1: Called Strike
2-2: 2-RUN HOME RUN (Flyball, 7LD, EV 96.3 MPH), Distance : 394 ft
Batting: LHB Dan Lee 0-0: Ball
1-0: Foul Ball, location: 3FF
1-1: SINGLE (Groundball, 34S, EV 81.9 MPH)
Batting: RHB Eddie King 0-0: Called Strike
Dan Lee steals 2nd base
0-1: Foul Ball, location: 9LMF
0-2: Foul Ball, location: 25F
0-2: Ball
1-2: Ball
2-2: Ball
3-2: Foul Ball, location: 2F
3-2: SINGLE (Line Drive, 9LS, EV 90.6 MPH)
Dan Lee to third
Runner from 3rd tries for Home, SAFE, throw by RF to home
Batting: RHB Steve Palmer 0-0: Swinging Strike
0-1: Ball
1-1: Ball
2-1: Ball
3-1: Foul Ball, location: 3FF
3-2: Strikes out swinging
Top of the 4th over - 3 runs, 3 hits, 0 errors, 1 left on base; DSL Texas 3 - DSL Atlanta 1
BOTTOM OF THE 4TH
DSL Atlanta Braves batting - Pitching for DSL Texas Rangers : LHP Bob Grant
Batting: LHB Raúl Flores 0-0: Ball
1-0: Ball
2-0: Ball
3-0: Called Strike
3-1: Foul Ball, location: 2RF
3-2: Strikes out swinging
Batting: RHB Juan Ramírez 0-0: Ball
1-0: SINGLE (Flyball, 8LM, EV 77.5 MPH)
Batting: RHB Colt Shepherd 0-0: Ball
1-0: Foul Ball, location: 3FF
1-1: Fly out, F7 (Flyball, 78M, EV 92.5 MPH)
Batting: RHB Luis López 0-0: Called Strike
Juan Ramírez steals 2nd base
0-1: Ball
1-1: Ball
2-1: Ball
3-1: Foul Ball, location: 2RF
3-2: Base on Balls
Batting: RHB José Randín 0-0: Ball
1-0: Swinging Strike
1-1: Ball
2-1: Called Strike
2-2: Strikes out looking
Bottom of the 4th over - 0 runs, 1 hit, 0 errors, 2 left on base; DSL Texas 3 - DSL Atlanta 1
TOP OF THE 5TH
DSL Texas Rangers batting - Pitching for DSL Atlanta Braves : RHP Danny Cox
Pitching: LHP César Camacho
Batting: LHB Greg Ibáñez 0-0: DOUBLE (Line Drive, 7LM, EV 103.1 MPH)
Batting: RHB Dana Ward 0-0: Called Strike
0-1: Foul Ball, location: 5F
0-2: Strikes out looking
Batting: RHB Chris Armstrong 0-0: Ball
1-0: Foul Ball, location: 3DF
1-1: Ground out U3 (Groundball, 3S, EV 80.0 MPH)
Greg Ibáñez to third
Batting: RHB Mike Gaughan 0-0: Ball
1-0: Called Strike
1-1: Ball
2-1: Ball
3-1: Base on Balls
Batting: LHB Dan McClure 0-0: Foul Ball, location: 2F
0-1: Swinging Strike
0-2: Ball
1-2: Strikes out swinging
Top of the 5th over - 0 runs, 1 hit, 0 errors, 2 left on base; DSL Texas 3 - DSL Atlanta 1
BOTTOM OF THE 5TH
DSL Atlanta Braves batting - Pitching for DSL Texas Rangers : LHP Bob Grant
Batting: SHB José Torrers 0-0: Called Strike
0-1: Swinging Strike
0-2: Ball
1-2: Ball
2-2: Ball
3-2: Base on Balls
Batting: RHB José Moreno 0-0: Called Strike
0-1: Ball
José Torrers is caught stealing 2nd base 2-4
1-1: Foul Ball, location: 7LDF
1-2: Foul Ball, location: 5F
1-2: Strikes out looking
Batting: RHB Arturo Serrano 0-0: Fly out, F9 (Flyball, 9LSF, EV 89.4 MPH)
Bottom of the 5th over - 0 runs, 0 hits, 0 errors, 0 left on base; DSL Texas 3 - DSL Atlanta 1
TOP OF THE 6TH
DSL Texas Rangers batting - Pitching for DSL Atlanta Braves : LHP César Camacho
Batting: LHB Luis Fontanez 0-0: Foul Ball, location: 2F
0-1: Ball
1-1: Swinging Strike
1-2: Foul Ball, location: 2F
1-2: Strikes out swinging, 2-3 out at first.
Batting: LHB Dan Lee 0-0: Swinging Strike
0-1: Ball
1-1: Ball
2-1: Fly out, F7 (Flyball, 7, EV 89.4 MPH)
Batting: RHB Eddie King 0-0: Ball
1-0: Ball
2-0: Ball
3-0: Called Strike
3-1: Base on Balls
Batting: RHB Steve Palmer 0-0: Ball
1-0: Called Strike
1-1: Ball
2-1: Foul Ball, location: 3F
2-2: Strikes out swinging
Top of the 6th over - 0 runs, 0 hits, 0 errors, 1 left on base; DSL Texas 3 - DSL Atlanta 1
BOTTOM OF THE 6TH
DSL Atlanta Braves batting - Pitching for DSL Texas Rangers : LHP Bob Grant
Batting: RHB Chris Adams 0-0: Ball
1-0: Ball
2-0: Ball
3-0: Base on Balls
Batting: LHB Raúl Flores 0-0: Foul Ball, location: 7LMF
0-1: Swinging Strike
0-2: Strikes out swinging
Batting: RHB Juan Ramírez 0-0: Called Strike
0-1: Foul Ball, location: 9LMF
0-2: Ball
1-2: Strikes out swinging
Batting: RHB Colt Shepherd 0-0: Foul Ball, location: 5F
0-1: Ball
1-1: Ball
2-1: Foul Ball, location: 23F
2-2: Ball
3-2: Foul Ball, location: 2F
3-2: Strikes out swinging
Bottom of the 6th over - 0 runs, 0 hits, 0 errors, 1 left on base; DSL Texas 3 - DSL Atlanta 1
TOP OF THE 7TH
DSL Texas Rangers batting - Pitching for DSL Atlanta Braves : LHP César Camacho
Batting: LHB Greg Ibáñez 0-0: Swinging Strike
0-1: Ball
1-1: Foul Ball, location: 23FF
1-2: Strikes out looking
Batting: RHB Dana Ward 0-0: Called Strike
0-1: Ball
1-1: Fly out, F9 (Flyball, 9, EV 98.1 MPH)
Batting: RHB Chris Armstrong 0-0: Swinging Strike
0-1: Swinging Strike
0-2: Strikes out swinging
Top of the 7th over - 0 runs, 0 hits, 0 errors, 0 left on base; DSL Texas 3 - DSL Atlanta 1
BOTTOM OF THE 7TH
DSL Atlanta Braves batting - Pitching for DSL Texas Rangers : LHP Bob Grant
Batting: RHB Luis López 0-0: Called Strike
0-1: Swinging Strike
0-2: Strikes out swinging
Batting: RHB José Randín 0-0: Ball
1-0: Called Strike
1-1: Foul Ball, location: 3SF
1-2: Ball
2-2: Ball
3-2: Base on Balls
Pinch Hitting: RHB Jesús Gonzáles 0-0: Fly out, F9 (Line Drive, 9, EV 90.0 MPH)
Pinch Hitting: RHB Tomás Segura 0-0: Ball
1-0: Foul Ball, location: 2F
1-1: Called Strike
1-2: Strikes out swinging
Bottom of the 7th over - 0 runs, 0 hits, 0 errors, 1 left on base; DSL Texas 3 - DSL Atlanta 1
TOP OF THE 8TH
DSL Texas Rangers batting - Pitching for DSL Atlanta Braves : LHP César Camacho
Now at 2B: Mike Murphy
Now at 3B: Jorge Juárez
Batting: RHB Mike Gaughan 0-0: Called Strike
0-1: Ball
1-1: Called Strike
1-2: DOUBLE (Flyball, 78D, EV 96.3 MPH)
Pitching: RHP Luis Martínez
Batting: LHB Dan McClure 0-0: Ball
1-0: Ball
2-0: Ball
3-0: Base on Balls
Batting: LHB Luis Fontanez 0-0: Fielders Choice at 2nd, 6-4 (Groundball, 6, EV 80.6 MPH)
Mike Gaughan to third
Batting: LHB Dan Lee 0-0: Swinging Strike
0-1: Ball
1-1: Called Strike
1-2: Foul Ball, location: 7LSF
1-2: Strikes out swinging
Batting: RHB Eddie King 0-0: Ball
1-0: Called Strike
1-1: Foul Ball, location: 9LSF
1-2: Ball
2-2: Ball
3-2: Foul Ball, location: 9LMF
3-2: Foul Ball, location: 9LSF
3-2: Base on Balls
Luis Fontanez to second
Pinch Hitting: LHB Jonathan Morgan 0-0: Foul Ball, location: 2F
0-1: Ball
1-1: SINGLE (Line Drive, 3L, EV 98.8 MPH)
Mike Gaughan scores
Luis Fontanez to third
Eddie King to second
Runner from 3rd tries for Home, throw by RF and OUT! 9-2
Top of the 8th over - 1 run, 2 hits, 0 errors, 2 left on base; DSL Texas 4 - DSL Atlanta 1
BOTTOM OF THE 8TH
DSL Atlanta Braves batting - Pitching for DSL Texas Rangers : LHP Bob Grant
Pitching: RHP Pat Mills
Now at 3B: Dan Moss
Pinch Hitting: LHB Arturo Amaya 0-0: Called Strike
0-1: Ball
1-1: Ball
2-1: Ball
3-1: Base on Balls
Batting: LHB António Borges 0-0: Ball
1-0: Foul Ball, location: 23F
1-1: Ball
2-1: Ball
3-1: Base on Balls
Arturo Amaya to second
Batting: LHB Raúl Flores 0-0: Ball
1-0: Called Strike
1-1: Foul Ball, location: 7LMF
1-2: Ball
2-2: Strikes out swinging
Batting: RHB Juan Ramírez 0-0: Fly out, F8 (Flyball, 8RD, EV 95.0 MPH)
Batting: RHB Colt Shepherd 0-0: Foul Ball, location: 5F
0-1: Ball
1-1: Ball
2-1: Swinging Strike
2-2: Ball
3-2: Base on Balls
Arturo Amaya to third
António Borges to second
Batting: RHB Luis López 0-0: Ground out 2-3 (Groundball, 13S, EV 73.1 MPH)
Bottom of the 8th over - 0 runs, 0 hits, 0 errors, 3 left on base; DSL Texas 4 - DSL Atlanta 1
TOP OF THE 9TH
DSL Texas Rangers batting - Pitching for DSL Atlanta Braves : RHP Luis Martínez
Pitching: RHP Don Jackson
Now in LF: Arturo Amaya
Now in CF: Juan Ramírez
Batting: LHB Greg Ibáñez 0-0: Called Strike
0-1: Fly out, F8 (Flyball, 8LD, EV 93.8 MPH)
Batting: RHB Dana Ward 0-0: Called Strike
0-1: Ball
1-1: Ball
2-1: Foul Ball, location: 2F
2-2: Strikes out swinging
Batting: RHB Chris Armstrong 0-0: Ball
1-0: Swinging Strike
1-1: Swinging Strike
1-2: Ball
2-2: Strikes out swinging, 2-3 out at first.
Top of the 9th over - 0 runs, 0 hits, 0 errors, 0 left on base; DSL Texas 4 - DSL Atlanta 1
BOTTOM OF THE 9TH
DSL Atlanta Braves batting - Pitching for DSL Texas Rangers : RHP Pat Mills
Pitching: RHP Eric Downey
Pinch Hitting: RHB Jesús Otero 0-0: Ball
1-0: Called Strike
1-1: Called Strike
1-2: Ball
2-2: Ball
3-2: Base on Balls
Batting: RHB Mike Murphy 0-0: Ball
1-0: Ball
2-0: Ball
3-0: Base on Balls
Jesús Otero to second
Pinch Hitting: RHB José Hernández 0-0: Called Strike
0-1: Swinging Strike
0-2: Foul Ball, location: 9LDF
0-2: Strikes out looking
Batting: LHB Arturo Amaya 0-0: Foul Ball, location: 2F
0-1: Called Strike
0-2: Strikes out swinging
Batting: LHB António Borges 0-0: Called Strike
0-1: Ball
1-1: Fielders Choice at 3rd, U5 (Groundball, 5L, EV 93.8 MPH)
Bottom of the 9th over - 0 runs, 0 hits, 0 errors, 1 left on base; DSL Texas 4 - DSL Atlanta 1
Wednesday, April 3rd , 2024 - OOTP Baseball 24.10 Build 82